AoeStats
← Papichan

Black Forest

510594892Analyzed
2v2 RM · 11h ago on Oct 1, 2026· 56m 18s· 4 players
Game mode
Random Map
Map size
Medium (4 player)
Population
200
Speed
Normal
Resources
Standard
Victory
Conquest
Starting age
Dark Age
Ending age
Imperial Age
RankedLock teamsTeams togetherTeam positionsShared explorationLock speedFull tech treeHidden civsTurbo modeCheats
Victory
Defeat
🇹🇷 Huns · Türkiye
816
+16
🇸🇪 Lithuanians · Sweden
812
+16
🇦🇷 Romans · Argentina
807
-16
🇵🇪 Bohemians · Peru
807
-16
Noathone
12:45 Feudal Age
19:46 Castle Age
24:38 Double-Bit Axe
25:44 Husbandry
34:23 Imperial Age
35:01 Chemistry
36:36 Bow Saw
37:18 Cavalier
39:27 Scale Barding Armor
39:33 Forging
39:29 Pikeman
52:42 Conscription
53:36 Elite Skirmisher
Papichan
0:51 Loom
11:27 Feudal Age
12:17 Double-Bit Axe
14:09 Horse Collar
17:53 Wheelbarrow
22:15 Castle Age
20:53 Man-at-Arms
22:04 Scale Mail Armor
22:35 Elite Skirmisher
25:00 Stone Mining
26:28 Heavy Plow
26:16 Long Swordsman
27:02 Padded Archer Armor
27:52 Bow Saw
28:25 Fletching
28:59 Ballistas
28:54 Gold Mining
29:27 Caravan
31:13 Masonry
31:25 Ballistics
31:02 Murder Holes
31:41 Husbandry
32:47 Bloodlines
32:46 Scale Barding Armor
34:06 Fortified Wall
35:46 Hand Cart
37:57 Chain Mail Armor
38:04 Chain Barding Armor
41:17 Imperial Age
42:15 Bodkin Arrow
42:26 Heavy Scorpion
45:23 Gold Shaft Mining
45:51 Chemistry
46:00 Leather Archer Armor
46:23 Plate Barding Armor
47:00 Forging
47:21 Ring Archer Armor
49:44 Legionary
Foeoel
0:33 Loom
11:54 Feudal Age
12:50 Horse Collar
13:07 Double-Bit Axe
14:10 Wheelbarrow
18:53 Castle Age
23:22 Hand Cart
23:19 Bow Saw
23:28 Bloodlines
28:09 Pikeman
28:49 Squires
29:29 Husbandry
30:47 Ballistics
32:08 Fortified Wall
32:14 Town Watch
36:04 Imperial Age
35:55 Town Patrol
37:42 Conscription
38:48 Chemistry
40:10 Forging
40:06 Scale Barding Armor
50:53 Iron Casting
50:40 Chain Barding Armor
54:39 Gold Mining
Malikestergok
1:04 Loom
11:13 Feudal Age
12:30 Wheelbarrow
11:38 Horse Collar
11:47 Double-Bit Axe
21:19 Castle Age
20:26 Stone Mining
20:27 Gold Mining
22:29 Hand Cart
22:28 Bow Saw
22:21 Heavy Plow
28:43 Gold Shaft Mining
29:22 Caravan
31:22 Forging
31:17 Scale Barding Armor
32:57 Padded Archer Armor
32:48 Fletching
33:33 Iron Casting
33:01 Marauders
34:05 Masonry
34:17 Ballistics
34:29 Coinage
37:18 Imperial Age
36:20 Leather Archer Armor
36:01 Bodkin Arrow
36:27 Chain Barding Armor
39:00 Blast Furnace
38:01 Bracer
39:03 Chemistry
38:31 Parthian Tactics
37:28 Heavy Cavalry Archer
37:30 Elite Skirmisher
39:22 Two-Man Saw
39:00 Conscription
38:25 Sappers
41:16 Plate Barding Armor
45:10 Elite Tarkan
50:12 Bloodlines
50:28 Light Cavalry
Connection lost

Rejoining the realm…

Still unreachable

The connection could not be restored.

Session expired

The server has moved on; the page needs a fresh start.